 Dungeon Crawl Stone Soup version 0.16-a0-3171-gce70061 (webtiles) character file.

63 Ololoev the Slasher (level 3, 0/29 HPs)
             Began as a Mummy Chaos Knight on Dec 16, 2014.
             Was a Plaything of Xom.
             Slain by a black bear (2 damage)
             ... on level 3 of the Dungeon.
             The game lasted 00:02:47 (1572 turns).

Ololoev the Slasher (Mummy Chaos Knight)            Turns: 1572, Time: 00:02:47

Health: 0/29       AC:  5    Str: 16    XL:     3   Next: 89%
Magic:  3/3        EV: 11    Int: 11    God:    Xom [..*...]
Gold:   78         SH:  0    Dex: 11    Spells: 0 memorised, 2 levels left

rFire  x . .     SeeInvis .     a - +0 falchion (chaos)
rCold  + . .     Clarity  .     b - +2 leather armour
rNeg   + + +     SustAb   .     (no shield)
rPois  ∞         Gourm    .     (no helmet)
rElec  .         Spirit   .     (no cloak)
rCorr  .         Warding  .     (no gloves)
rMut   .         Stasis   .     (no boots)
MR     .....                    (no amulet)
Stlth  +.........               (no ring)
                                (no ring)

@: not resistant to hostile enchantments, very unstealthy
A: no food or potions, fire vulnerability, restore body, cold resistance 1,
negative energy resistance 3, poison resistance, torment resistance, unbreathing
a: Renounce Religion


You were on level 3 of the Dungeon.
You worshipped Xom.
You were a toy of Xom.
You were not hungry.

You visited 1 branch of the dungeon, and saw 3 of its levels.

You collected 78 gold pieces.

Notes
Turn   | Place    | Note
--------------------------------------------------------------
     0 | D:1      | Ololoev, the Mummy Chaos Knight, began the quest for the Orb.
     0 | D:1      | Reached XP level 1. HP: 18/18 MP: 1/1
   239 | D:1      | Reached XP level 2. HP: 18/24 MP: 2/2
   262 | D:1      | XOM: smoke on damage
   453 | D:1      | XOM: divination: detect items
   702 | D:1      | XOM: divination: detect creatures
   861 | D:1      | XOM: silly message
   901 | D:2      | Found a stormy altar of Qazlal.
   915 | D:2      | Reached XP level 3. HP: 27/29 MP: 3/3
   959 | D:2      | Found a bloodstained altar of Trog.
  1013 | D:2      | XOM: harmless Ice miscast
  1064 | D:2      | XOM is BORED!
  1064 | D:2      | XOM: harmless Fire miscast
  1544 | D:3      | XOM: harmless Divn miscast
  1562 | D:3      | Noticed a black bear
  1572 | D:3      | Slain by a black bear

Inventory:

Hand weapons
 a - a +0 falchion of chaos (weapon)
Armour
 b - a +2 leather armour (worn)
Scrolls
 c - 3 scrolls of identify {unknown}
 d - a scroll of teleportation {unknown}
 e - a scroll of recharging {unknown}
 f - 2 scrolls of remove curse {unknown}
 g - 2 scrolls of magic mapping {unknown}

Table legend:
 A = Turns spent in this place as a percentage of turns spent in the entire game.
 B = Non-inter-level travel turns spent in this place as a percentage of non-inter-level travel turns spent in the entire game.
 C = Inter-level travel turns spent in this place as a percentage of turns spent in this place.
 D = Turns resting spent in this place as a percentage of non-inter-level travel turns spent in this place.
 E = Turns spent auto-exploring this place as a percentage of non-inter-level travel turns spent in this place.
 F = Non-inter-level travel turns spent in this place divided by the number of levels of this place that you've seen.
                   A       B       C       D       E      F
               +-------+-------+-------+-------+-------+----------------------
         Total | 100.0 | 100.0 |   0.7 |   2.5 |  17.3 | 184.7
       Dungeon | 100.0 | 100.0 |   0.7 |   2.5 |  17.3 | 184.7
               +-------+-------+-------+-------+-------+----------------------


   Skills:
 - Level 3.0 Fighting
 * Level 3.5 Long Blades
 + Level 2.3 Armour
 - Level 0.7 Dodging


You had 2 spell levels left.
You didn't know any spells.

Dungeon Overview and Level Annotations

Branches:
Dungeon (3/15)

Altars:
Qazlal
Trog


Innate Abilities, Weirdness & Mutations

You do not eat or drink.
Your flesh is vulnerable to fire.
Your flesh is cold resistant.
You are immune to negative energy.
Your system is resistant to poisons.
You are immune to unholy pain and torment.
You can survive without breathing.


Message History

The helpless adder fails to defend itself.
You hit the adder.
There is a sudden explosion of sparks!
You kill the adder!
No target in view!
No target in view!
No target in view!
No target in view!
f - 2 scrolls labeled JUCZOWOREB (gained 1)
Items here: ( )) † a club; a hunting sling; 19 stones; a goblin corpse You see here 18 arrows.
Found a stone staircase leading up.
You now have 78 gold pieces (gained 16).
Found a shield.
You start resting.
Xom's attention almost turns to you for a moment.
Weird images run through your mind.
You see here a shield.
A black bear comes into view.
The black bear growls angrily.
Found 19 gold pieces.
You start resting.
You closely miss the black bear. The black bear bites you!
The black bear closely misses you. The black bear completely misses you.
You hit the black bear. You freeze the black bear.
The black bear is lightly wounded.
The black bear bites you! The black bear closely misses you.
The black bear claws you.
You are too injured to fight recklessly!
You are too injured to fight recklessly!
You closely miss the black bear.
The black bear is lightly wounded.
The black bear bites you.
The black bear claws you but does no damage.
The black bear claws you.
You hit the black bear.
The black bear is moderately wounded.
The black bear bites you.
You die...
Xom titters!

#.......[#.#
#########.##
#.# #.# #.#
#.# #.# #.#
#@# #h#
..h......#
..$......
.#########


You could see a black bear.

Table legend:
 A = Kills in this place as a percentage of kills in entire the game.
 B = Kills by you in this place as a percentage of kills by you in the entire game.
 C = Kills by friends in this place as a percentage of kills by friends in the entire game.
 D = Other kills in this place as a percentage of other kills in the entire game.
 E = Experience gained in this place as a percentage of experience gained in the entire game.
 F = Experience gained in this place divided by the number of levels of this place that you have seen.
                   A       B       C       D       E      F
               +-------+-------+-------+-------+-------+----------------------
         Total | 100.0 | 100.0 |  -nan |  -nan | 100.0 |  30.3
       Dungeon | 100.0 | 100.0 |  -nan |  -nan | 100.0 |  30.3
               +-------+-------+-------+-------+-------+----------------------

Vanquished Creatures
  4 adders
  2 giant geckos (D:1)
  3 bats
  A giant cockroach (D:2)
  7 goblins
  3 hobgoblins (D:1)
  2 giant newts
  4 kobolds
  5 rats
31 creatures vanquished.

Action                   || total
-------------------------++-------
Melee: Falchion          ||   116
 Stab: Paralysed         ||     1

Vault maps used:
D:1:      lightli_arrival_chessboard
D:2:      lemuel_crystal_altar, grunt_qazlal_sundering
